 Dungeon Crawl Stone Soup version 0.21.1-1-g345015f (webtiles) character file.

62 Fang the Skirmisher (level 4, -4/43 HPs)
             Began as a Gargoyle Berserker on May 18, 2018.
             Was a Follower of Trog.
             Slain by a gnoll
             ... wielding a +0 halberd
              (11 damage)
             ... on level 2 of the Dungeon.
             The game lasted 00:02:30 (996 turns).

Fang the Skirmisher (Gargoyle Berserker)             Turns: 996, Time: 00:02:31

Health: -4/43      AC:  5    Str: 26    XL:     4   Next: 8%
Magic:  4/4        EV: 12    Int:  8    God:    Trog [*.....]
Gold:   156        SH:  0    Dex:  9    Spells: 3/3 levels left

rFire    . . .     SeeInvis .   a - +0 hand axe
rCold    . . .     Gourm    .   (no shield)
rNeg     + . .     Faith    .   b - +0 animal skin
rPois    ∞         Spirit   .   (no helmet)
rElec    +         Reflect  .   (no cloak)
rCorr    .         Harm     .   (no gloves)
MR       .....                  (no boots)
Stlth    ..........             (no amulet)
HPRegen  0.14/turn              (no ring)
MPRegen  0.09/turn              (no ring)

@: berserking, very quick
A: negative energy resistance 1, electricity resistance, unbreathing,
petrification resistance, rot immunity, AC +3
a: Berserk, Burn Spellbooks, Renounce Religion


You were on level 2 of the Dungeon.
You worshipped Trog.
Trog was aware of your devotion.
You were very hungry.

You visited 1 branch of the dungeon, and saw 2 of its levels.

You collected 156 gold pieces.

Inventory:

Hand Weapons
 a - a +0 hand axe (weapon)
Armour
 b - a +0 animal skin (worn)
Scrolls
 e - a scroll of teleportation {unknown}
 f - a scroll of remove curse {unknown}
Potions
 d - 2 potions of lignification {unknown}
 g - a potion of cancellation {unknown}
 h - a potion of might {unknown}
Comestibles
 c - 7 rations


   Skills:
 + Level 3.7 Fighting
 + Level 3.6 Axes
 + Level 2.3 Armour
 + Level 2.1 Dodging
 + Level 0.3 Stealth


You had 3 spell levels left.
You didn't know any spells.

Dungeon Overview and Level Annotations

Branches:
Dungeon (2/15)

Altars:


Innate Abilities, Weirdness & Mutations

You are resistant to torment.
Your stone body is resilient. (AC +3)
You are immune to poison.
You resist negative energy. (rN+)
You are resistant to electric shocks. (rElec)
You can survive without breathing.
You are immune to petrification.
You are immune to rotting.


Message History

You miss the leopard gecko. You hit the ooze. You hit the gnoll.
You kill the gnoll!
Trog accepts your kill. The ooze hits you but does no damage.
Unknown command.
Unknown command.
You miss the leopard gecko. You slash the ooze!
You kill the ooze!
Trog accepts your kill.
You have reached level 4!
You feel clever. The leopard gecko barely misses you.
The bat hits you but does no damage.
The gnoll hits you from afar with a halberd!
* * * LOW HITPOINT WARNING * * *
You barely miss the leopard gecko. You hit the bat.
You kill the bat!
Trog accepts your kill.
The leopard gecko bites you but does no damage.
The gnoll hits you from afar with a halberd!
You die...

#.. ###### ...
#.....# ....
#.....# .....
#.....#
.....###.....
.....g.....
......)#†#####.#
#l@.......#
#...#####.
#....#########
#.......>....#
#..........#.#
....##.###.#.#.#
#.###...#
#.#.#.# . #....
#.#.#.# #....
#.#.#.#


You could see a gnoll and a leopard gecko.

Vanquished Creatures
  2 gnolls (D:2)
  An ooze (D:2)
  A dart slug (D:1)
  A leopard gecko (D:1)
  8 bats
  4 giant cockroaches
  5 goblins
  2 hobgoblins (D:1)
  3 kobolds (D:1)
  A ball python (D:2)
  2 frilled lizards (D:1)
  7 rats (D:1)
  A plant (D:1)
38 creatures vanquished.

Notes
Turn   | Place    | Note
-------+----------+-------------------------------------------
     0 | D:1      | Fang the Gargoyle Berserker began the quest for the Orb.
     0 | D:1      | Reached XP level 1. HP: 14/14 MP: 1/1
   108 | D:1      | Reached XP level 2. HP: 14/19 MP: 2/2
   574 | D:1      | Reached XP level 3. HP: 23/23 MP: 3/3
   995 | D:2      | Reached XP level 4. HP: 19/29 MP: 4/4
   996 | D:2      | Slain by a gnoll

Skill      XL: |  1  2  3 |
---------------+----------+-----
Axes           | 3 |  3.6
Dodging        | 2 |  2.1
Fighting       | |  3.7
Armour         | |  2.3
Stealth        | |  0.3

Action                   |  1- 3 |  4- 6 || total
-------------------------+-------+-------++-------
Melee: Hand axe          |   121 |     1 ||   122
Invok: Berserk           |     1 |       ||     1
 Stab: Sleeping          |     2 |       ||     2
Armor: Animal skin       |    26 |     2 ||    28
Dodge: Dodged            |    74 |     1 ||    75
